Map: 2000 Atmospheres LE

Players

DPGrogue (Rogue) - Winner!

  • Race: Zerg Zerg

Serral

  • Race: Zerg Zerg

Event: ASUS ROG Fall 2021

VOD

Have the link to the VOD?

Description

Time

  • Played on: Sept. 18, 2021, 12:33 p.m.
  • Length: 7:03

All games in this series

Show
View Real Time Build Order
Export as new Build Order

DPGrogue Zerg - Winner!

Build Orders: Hatch First 

Get SALT Encoding   

  12  0:00  Drone  
  13  0:12  Overlord  
  13  0:16  Drone  
  14  0:30  Drone  
  14  0:31  Drone  
  16  0:47  Hatchery  
  15  0:51  Drone  
  15  0:54  Drone  
  15  0:56  Drone  
  18  1:07  Extractor  
  17  1:12  Spawning Pool  
  17  1:15  Drone  
  17  1:18  Drone  
  18  1:28  Drone  
  19  1:39  Drone  
  20  1:50  Drone  
  21  1:59  Queen x2  
  21  2:00  Zergling x2  
  26  2:02  Overlord  
  26  2:11  Metabolic Boost, Drone x2  
  28  2:22  Drone x2  
  30  2:32  Hatchery  
  30  2:35  Drone  
  30  2:40  Queen  
  32  2:46  Drone  
  32  2:50  Baneling Nest  
  32  2:53  Overlord  
  32  2:55  Drone  
  32  2:58  Zergling x2  
  34  2:59  Drone  
  34  3:04  Drone  
  36  3:13  Drone x3  
  36  3:14  Zergling x4  
  36  3:16  Drone  
  42  3:20  Overlord  
  42  3:25  Drone  
  42  3:26  Drone  
  44  3:34  Lair, Evolution Chamber  
  44  3:35  Drone  
  44  3:39  Baneling  
  44  3:41  Drone  
  44  3:44  Drone  
  44  3:46  Extractor  
  44  3:47  Extractor, Drone  
  44  3:48  Drone x3  
  48  3:56  Drone  
  48  3:59  Roach Warren  
  48  4:00  Drone x2  
  50  4:05  Overlord  
  50  4:07  Drone x2  
  52  4:13  Drone x3  
  52  4:15  Drone  
  56  4:20  Zerg Missile Weapons Level 1  
  56  4:25  Drone x4  
  56  4:30  Extractor x2  
  58  4:34  Overlord  
  58  4:39  Roach x3  
  58  4:40  Roach  
  66  4:47  Overlord x2  
  66  4:49  Overlord  
  65  4:54  Glial Reconstitution  
  65  4:57  Roach  
  65  4:58  Roach x2  
  71  5:01  Roach  
  71  5:04  Overlord  
  71  5:07  Roach x2  
  77  5:15  Roach x4  
  77  5:17  Roach  
  77  5:20  Roach  
  90  5:21  Roach  
  89  5:29  Roach x3  
  89  5:32  Overseer  
  89  5:33  Overlord  
  95  5:38  Roach x3  
  101  5:46  Roach x2  
  105  5:51  Overlord  
  105  5:52  Overlord x2  
  105  5:58  Roach x3  
  111  6:04  Overlord  
  111  6:05  Roach  
  115  6:11  Roach x4  
  123  6:18  Roach x2  
  123  6:19  Roach x2  
  123  6:25  Baneling x3  
  129  6:29  Roach x4  
  135  6:33  Roach  
  135  6:34  Roach  
  135  6:36  Roach  
  135  6:39  Roach  
  133  6:40  Roach  
  133  6:43  Roach  
Show
View Real Time Build Order
Export as new Build Order

Serral Zerg 

Build Orders: Hatch First 

Get SALT Encoding   

  12  0:00  Drone  
  13  0:12  Overlord  
  13  0:17  Drone  
  14  0:30  Drone x2  
  16  0:47  Hatchery  
  15  0:50  Drone  
  15  0:54  Drone  
  17  0:57  Drone  
  18  1:08  Extractor  
  17  1:12  Spawning Pool  
  17  1:15  Drone  
  17  1:19  Drone  
  18  1:27  Drone  
  19  1:38  Drone  
  20  1:55  Drone  
  20  1:59  Queen x2  
  20  2:00  Zergling x2, Overlord  
  26  2:09  Drone  
  26  2:10  Drone  
  26  2:11  Metabolic Boost  
  28  2:21  Drone x2  
  30  2:32  Hatchery  
  30  2:34  Drone  
  30  2:37  Drone  
  30  2:43  Queen  
  33  2:50  Baneling Nest  
  32  2:53  Overlord  
  32  2:57  Drone  
  32  2:58  Drone  
  34  3:00  Drone  
  34  3:04  Zergling x2  
  36  3:07  Overlord  
  36  3:13  Drone  
  36  3:14  Drone x2  
  36  3:16  Zergling x2  
  36  3:18  Zergling x2  
  41  3:20  Zergling x2  
  41  3:23  Drone  
  41  3:26  Evolution Chamber  
  42  3:31  Zergling x2  
  42  3:33  Drone  
  44  3:37  Drone  
  44  3:41  Drone x3  
  48  3:44  Overlord  
  48  3:47  Drone  
  49  3:50  Drone  
  49  3:52  Zerg Ground Armor Level 1  
  49  3:56  Roach Warren  
  49  3:58  Extractor  
  49  4:00  Extractor, Drone  
  49  4:01  Drone  
  48  4:04  Drone  
  48  4:05  Baneling  
  48  4:07  Zergling x2  
  48  4:08  Drone  
  48  4:09  Drone  
  52  4:12  Drone  
  52  4:13  Drone  
  54  4:17  Overlord  
  54  4:18  Drone x2  
  54  4:22  Overlord  
  56  4:31  Overlord  
  56  4:37  Roach x3  
  56  4:38  Roach  
  63  4:39  Roach  
  63  4:43  Roach x2  
  71  4:45  Roach  
  71  4:51  Roach x2  
  71  4:52  Roach  
  77  4:55  Roach  
  77  4:56  Roach  
  77  4:59  Overlord  
  81  5:03  Roach x2  
  87  5:07  Roach  
  87  5:18  Overlord  
  87  5:19  Drone x2  
  87  5:20  Drone x2  
  89  5:21  Drone  
  89  5:22  Drone x2  
  91  5:28  Lair  
  91  5:31  Drone x3  
  91  5:34  Overlord  
  94  5:38  Zergling x4  
  94  5:39  Zergling x4  
  98  5:46  Roach x3  
  102  5:51  Drone  
  102  5:54  Drone x4  
  102  5:56  Extractor, Overlord  
  106  5:58  Roach x2  
  106  6:00  Overlord  
  110  6:05  Extractor, Drone x3  
  110  6:07  Overlord  
  110  6:08  Overlord  
  112  6:13  Roach  
  112  6:17  Roach  
  112  6:18  Spine Crawler, Roach x2  
  119  6:19  Ravager x2  
  119  6:25  Overlord  
  121  6:26  Roach x3  
  121  6:30  Overseer  
  127  6:34  Roach x3  
  116  6:40  Roach x3  
Tags
 
Add a new tag
Caveats
  • Supply blocks, unpowered buildings, or Contaminate may cause inaccurate times.
  • Supply counts are checked every 10 seconds.